 Dungeon Crawl Stone Soup version 0.31-a0-1620-gcbf77bbcfc (webtiles) character file.

Game seed: 9985693368691368787

87 voltaire321 the Sneak (level 4, 0/28 HPs)
             Began as an Octopode Earth Elementalist on Jan 11, 2024.
             Slain by Grinder (4 damage)
             ... on level 3 of the Dungeon.
             The game lasted 00:05:17 (2753 turns).

voltaire321 the Sneak (Octopode Earth Elementalist) Turns: 2753, Time: 00:05:17

Health: 0/28       AC:  1    Str:  7    XL:     4   Next: 51%
Magic:  3/7        EV: 13    Int: 17    God:
Gold:   146        SH:  0    Dex: 12    Spells: 3/7 levels left

rFire   . . .        n - +0 rapier of the Gibberer {protect, rC+ rN+++ Will+ Int-2}
rCold   + . .        (no shield)
rNeg    + + +        (helmet restricted)
rPois   .            m - amulet of the acrobat
rElec   .            f - ring of see invisible
rCorr   .            h - ring of positive energy
SInv    +            (no ring)
Will    +....        (no ring)
Stlth   +++          (no ring)
HPRegen 0.24/turn    (no ring)
MPRegen 0.10/turn    (no ring)
                     (no ring)

%: acrobat
@: no status effects
A: almost no armour, amphibious, 8 rings, camouflage 1, gelatinous body 1,
(nimble swimmer 1), tentacles
a: no special abilities


You were on level 3 of the Dungeon.
You visited 1 branch of the dungeon, and saw 3 of its levels.

You collected 146 gold pieces.

Inventory:

Hand Weapons
 e - a +0 dagger
 n - the +0 rapier of the Gibberer (weapon) {protect, rC+ rN+++ Will+ Int-2}
   (You found it on level 3 of the Dungeon)

   Int-2:     It affects your intelligence (-2).
   rC+:       It protects you from cold.
   rN+++:     It renders you almost immune to negative energy.
   Will+:     It increases your willpower.
Missiles
 g - 6 poisoned darts
Jewellery
 f - a ring of see invisible (left tentacle)
 h - a ring of positive energy (right tentacle)
 m - an amulet of the acrobat (around mantle)
Scrolls
 b - 2 scrolls of teleportation {unknown}
 c - 9 scrolls of identify {unknown}
 d - a scroll of revelation {unknown}
 k - a scroll of amnesia {unknown}
 l - a scroll of noise {unknown}
 o - a scroll of enchant weapon {unknown}
Potions
 a - a potion of magic
 i - a potion of lignification {unknown}
 j - a potion of might {unknown}
 p - a potion of heal wounds {unknown}


   Skills:
 + Level 1.3 Fighting
 + Level 2.5 Dodging
 + Level 3.6 Stealth
 + Level 2.4 Spellcasting
 + Level 1.9 Conjurations
 + Level 3.3 Earth Magic


You had 3 spell levels left.
You knew the following spells:

 Your Spells              Type           Power      Damage    Failure   Level
a - Sandblast             Erth           26%        2d8       4%          1
b - Passwall              Erth           13%        N/A       14%         3

Your spell library contained the following spells:

 Spells                   Type           Power      Damage    Failure   Level
 Stone Arrow              Conj/Erth      22%        3d8       19%         3
 Brom's Barrelling Bould  Conj/Erth      11%        2d3       52%         4
 Petrify                  Alch/Erth      7%         N/A       67%         4


Dungeon Overview and Level Annotations

Branches:
Dungeon (3/15)

Altars:

Annotations:
D:3 Grinder


Innate Abilities, Weirdness & Mutations

You cannot wear most types of armour.
You are amphibious.
You can wear up to eight rings at the same time.
Your skin changes colour to match your surroundings (Stealth+).
Your rubbery body absorbs attacks. (AC +1, EV +1)
((You are camouflaged when in or above water. (Stealth+)))
You have tentacles for arms and can constrict up to eight enemies at once.


Message History

You finish putting on your amulet of the acrobat.
You feel ready to tumble and roll out of harm's way.
m - an amulet of the acrobat (around mantle) Grinder is nearby!
Aiming: Sandblast (safe; 4% risk of failure)
Press: ? - help, Q - select action, (/) - cycle Shift-Dir - straight line, f/p - Grinder
Aim: Grinder (moderately wounded, 80% to hit)
The blast of sand hits Grinder.
Grinder is heavily wounded.
Grinder blinks!
Aiming: Sandblast (safe; 4% risk of failure)
Press: ? - help, Q - select action, (/) - cycle Shift-Dir - straight line, f/p - Grinder
Aim: Grinder (heavily wounded, 80% to hit)
The blast of sand hits Grinder.
Grinder is heavily wounded.
Grinder hits you.
Aiming: Sandblast (safe; 4% risk of failure)
Press: ? - help, Q - select action, (/) - cycle Shift-Dir - straight line, f/p - Grinder
Aim: Grinder (heavily wounded, 80% to hit)
The blast of sand hits Grinder.
Grinder is heavily wounded.
Grinder gestures at you.
You suddenly lose the ability to move!
Grinder hits you. Grinder hits you. x2
You can move again.
Aiming: Sandblast (safe; 4% risk of failure)
Press: ? - help, Q - select action, (/) - cycle Shift-Dir - straight line, f/p - Grinder
Aim: Grinder (heavily wounded, 80% to hit)
The blast of sand hits Grinder!
Grinder is severely wounded.
Grinder misses you.
Aiming: Sandblast (safe; 4% risk of failure)
Press: ? - help, Q - select action, (/) - cycle Shift-Dir - straight line, f/p - Grinder
Aim: Grinder (severely wounded, 80% to hit)
The blast of sand misses Grinder.
Grinder hits you!
* * * LOW HITPOINT WARNING * * *
Grinder hits you.
You die...
Grinder sighs, "Dead already?
I want a refund."

#......... ..#
####.######## #.#
#####....# #.# .........#
###.####### .#....#..##
#.......... ##....##..#
########.#.#######
#......#..## #........#.#
#......##..#
#.#....#...5......
........#..#
#.#@5..#.#.#.#....
........#..#
#.#....#.#.#.# ##
#......##..# #.#....#.#.#
. #......#...#
#.#.##.#.#.# ..
##....##...###.#.##.#.#.#
.#
.#....#.............#....
.#
...............#.####)#
########'#####..<.....#
########.#.....#.######


You could see Grinder.

Vanquished Creatures
  2 adders
  2 ribbon worms (D:3)
  5 endoplasms
  4 giant cockroaches
  4 goblins
  10 hobgoblins
  4 quokkas
  9 ball pythons
  4 bats
  6 frilled lizards
  4 kobolds
  9 rats
63 creatures vanquished.

Notes
Turn   | Place    | Note
-------+----------+-------------------------------------------
     0 | D:1      | voltaire321 the Octopode Earth Elementalist began the quest
                  | for the Orb.
     0 | D:1      | Reached XP level 1. HP: 11/11 MP: 3/3
   344 | D:1      | Reached XP level 2. HP: 18/18 MP: 1/5
   900 | D:1      | Reached XP level 3. HP: 22/22 MP: 6/6
  1021 | D:1      | Learned a level 3 spell: Passwall
  1034 | D:1      | Reached skill level 1 in Fighting
  1700 | D:2      | Reached XP level 4. HP: 28/28 MP: 7/7
  2234 | D:3      | Identified the +0 rapier of the Gibberer {protect, rC+
                  | rN+++ Will+ Int-2}
  2709 | D:3      | Noticed Grinder
  2749 | D:3      | Paralysed by Grinder for 3 turns
  2753 | D:3      | Slain by Grinder

Illustrated notes

Levels and vault maps discovered:
D:1:      reono_arrival_mine, layout_basic, minmay_octomino_c4
D:2:      layout_basic, minivault_26
D:3:      layout_basic, minmay_hedge_maze, minmay_misc_feat_iff, uniq_grinder,
          uniq_natasha

Skill      XL: |  1  2  3 |
---------------+----------+-----
Stealth        | 3 |  3.6
Fighting       | 1 |  1.3
Dodging        | |  2.5
Spellcasting   | |  2.4
Conjurations   | |  1.9
Earth Magic    | |  3.3

Action                     |  1- 3 |  4- 6 || total
---------------------------+-------+-------++-------
  Melee: Dagger            |    20 |    24 ||    44
         Tentacles         |     6 |     9 ||    15
         Constrict         |     4 |     7 ||    11
         Rapier            |       |     9 ||     9
         Punch             |       |     2 ||     2
   Cast: Sandblast         |    47 |    10 ||    57
   Stab: Sleeping          |     4 |     5 ||     9
 Armour: Skin              |     6 |    15 ||    21
  Dodge: Dodged            |    10 |    16 ||    26

Table legend: (Time is in decaauts)
 A = Elapsed time spent in this place.
 B = Non-inter-level travel time spent in this place.
 C = Inter-level travel time spent in this place.
 D = Time resting spent in this place.
 E = Time spent auto-exploring this place.
 F = Levels seen in this place.
 G = Mean time per level.
                   A        B        C        D        E       F      G
               +--------+--------+--------+--------+--------+-----+--------+
         Total |   2780 |   2742 |     38 |    489 |   1777 |   3 |  926.7 |
       Dungeon |   2780 |   2742 |     38 |    489 |   1777 |   3 |  926.7 |
               +--------+--------+--------+--------+--------+-----+--------+

Top non-repeatable levels by time:
     D:1: 1172 daAuts
     D:3: 913 daAuts
     D:2: 694 daAuts
